 Dungeon Crawl Stone Soup version 0.22-a0-322-g60b3cfd (webtiles) character file.

207 Auros the Chopper (level 5, -9/41 HPs)
             Began as a Minotaur Fighter on Apr 2, 2018.
             Was an Initiate of Hepliaklqana.
             Mangled by an ogre
             ... wielding a +0 giant spiked club
              (24 damage)
             ... on level 4 of the Dungeon.
             The game lasted 00:09:54 (3002 turns).

Auros the Chopper (Minotaur Fighter)                Turns: 3002, Time: 00:09:55

Health: -9/41      AC:  9    Str: 20    XL:     5   Next: 54%
Magic:  0/4        EV:  5    Int:  5    God:    Hepliaklqana [......]
Gold:   142        SH:  9    Dex: 11    Spells: 4/4 levels left

rFire    x . .     SeeInvis .   n - +0 dagger (venom)
rCold    + . .     Gourm    .   c - +0 shield
rNeg     . . .     Faith    .   g - +0 chain mail
rPois    .         Spirit   +   (helmet restricted)
rElec    .         Reflect  .   (no cloak)
rCorr    .         Harm     .   (no gloves)
MR       .....                  (no boots)
Stlth    ..........             e - amulet of guardian spirit
HPRegen  0.13/turn              i - ring of wizardry
MPRegen  0.09/turn              q - ring of ice

@: no status effects
A: retaliatory headbutt, reduced essence, horns 2
a: Recall Ancestor, Ancestor Identity, Renounce Religion


You were on level 4 of the Dungeon.
You worshipped Hepliaklqana.
Hepliaklqana was noncommittal.
You were not hungry.

You visited 1 branch of the dungeon, and saw 4 of its levels.

You collected 142 gold pieces.

Inventory:

Hand Weapons
 a - a +0 war axe
 m - a +0 hunting sling
 n - a +0 dagger of venom (weapon)
Missiles
 k - 39 bolts
 l - 37 sling bullets
 o - 18 poisoned needles
Armour
 b - a +0 scale mail
 c - a +0 shield (worn)
 g - a +0 chain mail (worn)
Jewellery
 e - an amulet of guardian spirit (around neck)
 i - a ring of wizardry (left hand)
 q - a ring of ice (right hand)
Wands
 u - a wand of flame (32)
Scrolls
 h - a scroll of amnesia
 j - a scroll of enchant armour {unknown}
 p - a scroll of fog {unknown}
 r - 2 scrolls of remove curse {unknown}
 s - 3 scrolls of identify
 t - 2 scrolls of teleportation {unknown}
 v - 4 scrolls of noise {unknown}
 w - a scroll of blinking {unknown}
Potions
 d - 2 potions of might
 z - a potion of berserk rage {unknown}
Comestibles
 f - 9 rations
 x - 4 chunks of flesh


   Skills:
 - Level 3.9 Fighting
 + Level 6.5 Axes
 - Level 4.0 Armour
 - Level 0.2 Dodging
 - Level 3.8 Shields


You had 4 spell levels left.
You didn't know any spells.

Dungeon Overview and Level Annotations

Branches:
Dungeon (4/15)
 Temple: D:4-7

Altars:
Hepliaklqana
Vehumet

Shops:
D:4 *


Innate Abilities, Weirdness & Mutations

You reflexively headbutt those who attack you in melee.
You have a pair of horns on your head.
Your life essence is reduced to manifest your ancestor. (-10% HP)


Message History

Press: ? - help, Shift-Dir - straight line, f - ogre
Aim: an ogre, wielding a giant spiked club (moderately wounded)
Okay, then.
Wear which item? (? for menu, Esc to quit)
Okay, then.
Quiver which item? (- for none, * to show all) (? for menu, Esc to quit)
Okay, then.
The ogre hits Dave with a giant spiked club!
Dave is destroyed!
You hit the ogre but do no damage.
The ogre is poisoned.
The ogre is moderately wounded.
The ogre hits you with a giant spiked club!
* * * LOW HITPOINT WARNING * * *
There is a stone staircase leading up here.
The ogre looks more healthy.
Your shield and chain mail prevent you from hitting the ogre.
The ogre is severely wounded.
The ogre hits you with a giant spiked club!!
Ouch! That really hurt!
You die...

.####.........##........#
....+.........'.......#.#
.####.........##.#......#
.# ##.......###.##.##..#
## ##.....## #.#####..# #
##...## #.#####..# #
##+## #........# #
#.############.## #####
#.##...O@..# #.# >...#
##.##.#####.# #.#
###.####...#.# ###.###.#
###.#.#......# #.......#
.......#...#.# #.#.#####
###....##.##<# #.#.#
..........##.###.#.#
##.................#
#........##########


You could see an ogre.

Vanquished Creatures
  The ghost of Kaishin the Magician, an amateur NaWz (D:3)
  A worker ant (D:4)
  2 adders (D:3)
  2 worms
  3 dart slugs
  9 orcs
  12 bats
  5 giant cockroaches
  6 goblins
  5 hobgoblins
  6 jackals
  2 quokkas
  A ball python (D:2)
  6 frilled lizards
  A jackal skeleton (D:4)
  4 kobolds
  9 rats
75 creatures vanquished.

Vanquished Creatures (others)
  An ancestor (D:4)
1 creature vanquished.

Grand Total: 76 creatures vanquished

Notes
Turn   | Place    | Note
-------+----------+-------------------------------------------
     0 | D:1      | Auros the Minotaur Fighter began the quest for the Orb.
     0 | D:1      | Reached XP level 1. HP: 19/19 MP: 0/0
   104 | D:1      | Reached XP level 2. HP: 22/27 MP: 1/1
   475 | D:1      | Reached skill level 3 in Axes
   508 | D:1      | Reached XP level 3. HP: 32/33 MP: 2/2
  1278 | D:2      | Reached skill level 4 in Axes
  1748 | D:3      | Reached XP level 4. HP: 36/40 MP: 3/3
  1883 | D:3      | Noticed Kaishin's ghost (amateur NaWz)
  2059 | D:3      | Killed Kaishin's ghost
  2059 | D:3      | Reached skill level 5 in Axes
  2059 | D:3      | Reached XP level 5. HP: 41/46 MP: 0/4
  2299 | D:3      | Reached skill level 6 in Axes
  2443 | D:3      | Found a radiant altar of Vehumet.
  2451 | D:3      | Found a hazy altar of Hepliaklqana.
  2476 | D:3      | Became a worshipper of Hepliaklqana the Forgotten
  2942 | D:4      | Found Xisig's General Store.
  2977 | D:4      | Noticed an ogre
  3002 | D:4      | Mangled by an ogre

Vault maps used:
D:1:      lemuel_arrival_funnel, supply_closet_lemuel
D:2:      item_on_display_a
D:3:      grunt_temple_overflow_open, kennysheep_boxes
D:4:      serial_shops, kennysheep_mini, tso_altar, uniq_crazy_yiuf_cottage,
          uniq_grinder, uniq_eustachio

Skill      XL: |  1  2  3  4  5 |
---------------+----------------+-----
Armour         | 4 |  4.0
Axes           | 3 4 5 6 |  6.5
Fighting       | |  3.9
Dodging        | |  0.2
Shields        | |  3.8

Action                   |  1- 3 |  4- 6 || total
-------------------------+-------+-------++-------
Melee: War axe           |    50 |       ||    50
       Headbutt          |    15 |    12 ||    27
       Dagger            |    68 |    78 ||   146
Invok: Ancestor Identity |       |     1 ||     1
  Use: Scroll            |       |     1 ||     1
       Potion            |       |     1 ||     1
  Eat: Chunk             |     3 |     4 ||     7
Armor: Scale mail        |    26 |       ||    26
       Chain mail        |    19 |    28 ||    47
Dodge: Dodged            |    32 |    20 ||    52
Block: Shield            |    57 |    38 ||    95

Table legend:
 A = Spawn XP
 B = Non-spawn XP
 C = Spawn XP percentage of total XP
 D = Spawn monster count
 E = Non-spawn monster count
 F = Spawn count percentage of total count
 G = Total turns spent on level
                    A         B        C        D         E        F      G
               +---------+---------+-------+---------+---------+-------+---------
         Total |       0 |     297 |   0.0 |       0 |      75 |   0.0 |  3002
               +---------+---------+-------+---------+---------+-------+---------
           D:1 |       0 |      44 |   0.0 |       0 |      24 |   0.0 |   856
           D:2 |       0 |      39 |   0.0 |       0 |      23 |   0.0 |   941
           D:3 |       0 |     160 |   0.0 |       0 |      20 |   0.0 |   936
           D:4 |       0 |      54 |   0.0 |       0 |       8 |   0.0 |   269
               +---------+---------+-------+---------+---------+-------+---------
